 Dungeon Crawl Stone Soup version 0.21-a0-513-gdcb3f5e (webtiles) character file.

1621 BingusPrime the Cudgeler (level 8, -2/51 HPs)
             Began as a Gargoyle Fighter on Dec 1, 2017.
             Was a Follower of Dithmenos.
             Slain by an orc warrior
             ... wielding a +0 halberd
              (9 damage)
             ... on level 6 of the Dungeon.
             The game lasted 00:14:58 (4677 turns).

BingusPrime the Cudgeler (Gargoyle Fighter)         Turns: 4677, Time: 00:14:58

Health: -2/51      AC: 18    Str: 21    XL:     8   Next: 96%
Magic:  8/8        EV:  3    Int:  8    God:    Dithmenos [*.....]
Gold:   171        SH: 15    Dex: 11    Spells: 7/7 levels left

rFire    . . .     SeeInvis .   a - +0 flail
rCold    . . .     Gourm    .   M - +0 large shield
rNeg     + . .     Faith    .   i - +0 plate armour
rPois    ∞         Spirit   .   h - +0 helmet
rElec    +         Reflect  .   (no cloak)
rCorr    .         Harm     .   (no gloves)
MR       .....                  (no boots)
Stlth    ..........             (no amulet)
HPRegen  0.17/turn              C - ring of flight
MPRegen  0.11/turn              (no ring)

@: wreathed by umbra
A: negative energy resistance 1, electricity resistance, unbreathing,
petrification resistance, rot immunity, AC +5
a: Renounce Religion, Evoke Flight


You were on level 6 of the Dungeon.
You worshipped Dithmenos.
Dithmenos was aware of your devotion.
You were not hungry.

You visited 2 branches of the dungeon, and saw 7 of its levels.

You collected 171 gold pieces.

Inventory:

Hand Weapons
 a - a +0 flail (weapon)
 y - a +0 club
 z - a +0 hunting sling
 H - a +3 dagger
Missiles
 l - 166 stones
 r - 3 tomahawks (quivered)
Armour
 b - a +0 scale mail
 c - a +0 shield
 h - a +0 helmet (worn)
 i - a +0 plate armour (worn)
 F - a +0 shield
 G - +0 fire dragon scales
 M - a +0 large shield (worn)
Jewellery
 C - a ring of flight (left hand)
Scrolls
 e - a scroll of fog {unknown}
 j - 6 scrolls of identify
 k - a scroll of blinking {unknown}
 m - 2 scrolls of enchant weapon {unknown}
 p - 3 scrolls of amnesia {unknown}
 q - 2 scrolls of remove curse {unknown}
 u - a scroll of magic mapping {unknown}
 v - a scroll of fear {unknown}
 A - 2 scrolls of teleportation {unknown}
 B - 3 scrolls of enchant armour {unknown}
 D - a scroll of random uselessness {unknown}
 E - a scroll of immolation {unknown}
Potions
 d - a potion of might
 g - 3 potions of brilliance
 n - 3 potions of ambrosia {unknown}
 o - a potion of mutation {unknown}
 t - 2 potions of invisibility {unknown}
 x - a potion of curing {unknown}
 I - 2 potions of heal wounds {unknown}
 J - a potion of agility {unknown}
 L - a potion of lignification {unknown}
Comestibles
 f - 6 bread rations
 s - 3 royal jellies
 w - 3 fruits
 K - a meat ration


   Skills:
 * Level 5.8 Fighting
 * Level 7.5 Maces & Flails
 + Level 1.6 Throwing
 + Level 4.7 Armour
 + Level 0.6 Dodging
 + Level 6.9 Shields


You had 7 spell levels left.
You didn't know any spells.

Dungeon Overview and Level Annotations

Branches:
Dungeon (6/15)             Temple (1/1) D:5

Altars:
Ashenzari
Dithmenos
Fedhas
Gozag
Hepliaklqana
Kikubaaqudgha
Qazlal
Ru
Sif Muna
Uskayaw
Vehumet
Xom
Yredelemnul
Zin
The Shining One


Innate Abilities, Weirdness & Mutations

You are resistant to torment.
Your stone body is resilient. (AC +5)
You are immune to poison.
You resist negative energy. (rN+)
You are resistant to electric shocks. (rElec)
You can survive without breathing.
You are immune to petrification.
You are immune to rotting.


Message History

You block the orc wizard's attack. x2
The orc warrior hits you from afar with a halberd.
The orc hits you but does no damage.
You closely miss the orc wizard.
The orc wizard is almost dead.
You block the orc wizard's attack. The orc hits you with a falchion.
The orc warrior hits you but does no damage.
You block the orc wizard's attack.
You completely miss the orc wizard.
The orc wizard is almost dead.
You block the orc wizard's attack. You block the orc's attack.
The orc warrior hits you from afar with a halberd!
* * * LOW HITPOINT WARNING * * *
The orc wizard gestures at you while chanting.
The magic dart hits you!
* * * LOW HITPOINT WARNING * * *
The orc wizard casts a spell at you. The magic dart hits you!
The orc warrior hits you with a halberd!
You die...

#............##
#(...........#
##............#
##...##.....#...#
#....##....####.#
##..........# #.
##...........# #.
####............#
#.
.......@......#.##
#
......ooo.....#..#
.(............##.#
Z............##..#
###############..#
#..## #..########
#..[.......
##.........


You could see an orc warrior, an orc wizard, an orc and a howler monkey zombie
(wandering).

Vanquished Creatures
  A two-headed ogre (D:6)
  A sky beast (D:6)
  2 ogres
  A phantom (D:5)
  3 bullfrogs (D:6)
  2 scorpions (D:6)
  A hound (D:4)
  4 worker ants
  A killer bee zombie (D:6)
  2 hound skeletons
  4 adders
  2 shadow imps
  2 oozes
  An adder skeleton (D:5)
  An adder zombie (D:5)
  A worm (D:5)
  2 dart slugs
  3 leopard geckos
  7 orcs
  3 ball pythons
  6 giant cockroaches
  10 hobgoblins
  2 jackals (D:1)
  15 kobolds
  2 quokkas
  6 bats
  4 frilled lizards
  10 goblins
  A jackal zombie (D:5)
  A quokka zombie (D:5)
  11 rats
112 creatures vanquished.

Vanquished Creatures (others)
  A withered plant (D:6)
1 creature vanquished.

Grand Total: 113 creatures vanquished

Notes
Turn   | Place    | Note
-------+----------+-------------------------------------------
     0 | D:1      | BingusPrime the Gargoyle Fighter began the quest for the Orb.
     0 | D:1      | Reached XP level 1. HP: 14/14 MP: 1/1
   119 | D:1      | Reached XP level 2. HP: 16/19 MP: 2/2
   361 | D:1      | Reached XP level 3. HP: 24/24 MP: 3/3
   861 | D:2      | Reached XP level 4. HP: 22/29 MP: 4/4
   994 | D:2      | Reached skill level 3 in Maces & Flails
  2148 | D:4      | Reached XP level 5. HP: 33/33 MP: 5/5
  2794 | D:5      | Entered Level 5 of the Dungeon
  2794 | D:5      | Found a staircase to the Ecumenical Temple.
  2832 | D:5      | Found a blossoming altar of Fedhas.
  2901 | D:5      | Reached XP level 6. HP: 38/39 MP: 6/6
  2925 | Temple   | Entered the Ecumenical Temple
  3011 | Temple   | Became a worshipper of Dithmenos the Shadowed
  3024 | D:5      | Noticed a phantom
  3107 | D:5      | Killed a phantom
  3107 | D:5      | Reached skill level 4 in Maces & Flails
  3500 | D:5      | Reached skill level 1 in Throwing
  3618 | D:5      | Reached XP level 7. HP: 44/44 MP: 7/7
  3897 | D:6      | Reached skill level 5 in Maces & Flails
  3916 | D:6      | Reached skill level 5 in Shields
  3971 | D:6      | Reached * piety under Dithmenos
  3981 | D:6      | Reached skill level 5 in Fighting
  4000 | D:6      | Found an ancient bone altar of Kikubaaqudgha.
  4047 | D:6      | Reached skill level 6 in Maces & Flails
  4047 | D:6      | Reached XP level 8. HP: 45/49 MP: 8/8
  4315 | D:6      | Noticed a two-headed ogre
  4327 | D:6      | HP: 1/49 [two-headed ogre/giant spiked club (7)]
  4328 | D:6      | Killed a two-headed ogre
  4328 | D:6      | Reached skill level 7 in Maces & Flails
  4677 | D:6      | Slain by an orc warrior

Vault maps used:
D:1:      dpeg_arrival_houses_and_road, minmay_misc_feat_ornament
D:4:      first_bread
D:5:      minmay_temple_entry_junction_2, fedhas_altar_2
D:6:      kiku_gazebo_garden_becter
Temple:   nicolae_temple_great_sept

Skill      XL: |  1  2  3  4  5  6  7  8 |
---------------+-------------------------+-----
Maces & Flails | 3 4 6 7 |  7.5
Fighting       | 4 5 |  5.8
Shields        | 4 5 6 |  6.9
Armour         | 4 |  4.7
Throwing       | 1 |  1.6
Dodging        | |  0.6

Action                   |  1- 3 |  4- 6 |  7- 9 || total
-------------------------+-------+-------+-------++-------
Melee: Flail             |   163 |   250 |   126 ||   539
Throw: Tomahawk          |       |    32 |     8 ||    40
       Stone             |       |    17 |       ||    17
  Use: Scroll            |       |     4 |       ||     4
       Potion            |       |       |     1 ||     1
  Eat: Chunk             |       |     9 |     2 ||    11
       Bread ration      |       |       |     1 ||     1
Armor: Scale mail        |    11 |       |       ||    11
       Plate armour      |   109 |   169 |    90 ||   368
Dodge: Dodged            |    19 |    37 |    15 ||    71
Block: Shield            |    89 |   121 |       ||   210
       Large shield      |       |    19 |   122 ||   141

Table legend:
 A = Spawn XP
 B = Non-spawn XP
 C = Spawn XP percentage of total XP
 D = Spawn monster count
 E = Non-spawn monster count
 F = Spawn count percentage of total count
 G = Total turns spent on level
                    A         B        C        D         E        F      G
               +---------+---------+-------+---------+---------+-------+---------
         Total |       0 |    2316 |   0.0 |       0 |     112 |   0.0 |  4677
               +---------+---------+-------+---------+---------+-------+---------
           D:1 |       0 |      61 |   0.0 |       0 |      35 |   0.0 |   808
           D:2 |       0 |      51 |   0.0 |       0 |      22 |   0.0 |   628
           D:3 |       0 |      52 |   0.0 |       0 |      18 |   0.0 |   709
           D:4 |       0 |     126 |   0.0 |       0 |       4 |   0.0 |   649
           D:5 |       0 |     328 |   0.0 |       0 |      19 |   0.0 |   989
           D:6 |       0 |    1698 |   0.0 |       0 |      14 |   0.0 |   797
               +---------+---------+-------+---------+---------+-------+---------
